AoeStats
← Отец

Arena

510161215Analyzed
3v3 RM · 3d ago on Sep 29, 2026· 27m 57s· 6 players
Game mode
Random Map
Map size
Normal (6 player)
Population
200
Speed
Normal
Resources
Standard
Victory
Conquest
Starting age
Dark Age
Ending age
Imperial Age
RankedLock teamsTeams togetherTeam positionsShared explorationLock speedFull tech treeHidden civsTurbo modeCheats
Victory
Defeat
🇮🇹 Turks · Italy
1209
+16
🇮🇹 Britons · Italy
1185
+17
🇮🇹 Slavs · Italy
1184
+17
🇺🇸 Gurjaras · United States
1229
-17
1224
-17
🇺🇸 Burgundians · United States
1183
-16
Atos 4:12 | João 14:6
8:08 Loom
14:42 Feudal Age
15:39 Double-Bit Axe
15:46 Stone Mining
18:33 Fletching
ABRAXAS
4:24 Double-Bit Axe
7:23 Loom
9:36 Feudal Age
8:21 Horse Collar
10:27 Bow Saw
10:21 Heavy Plow
13:46 Wheelbarrow
17:24 Castle Age
16:09 Gold Mining
16:34 Scale Barding Armor
16:55 Forging
17:31 Gold Shaft Mining
17:26 Cavalier
18:49 Husbandry
23:21 Hand Cart
Отец
9:54 Feudal Age
14:25 Castle Age
12:33 Horse Collar
13:18 Double-Bit Axe
19:55 Fletching
27:38 Forging
27:34 Scale Barding Armor
28:10 Heavy Plow
Knightgenny_ITA
7:59 Loom
10:30 Feudal Age
11:45 Horse Collar
15:29 Castle Age
14:14 Double-Bit Axe
18:47 Fletching
26:53 Imperial Age
Final_Tidus
9:25 Loom
11:36 Feudal Age
19:02 Fletching
23:29 Castle Age
27:54 Double-Bit Axe
Zero aspettative
11:37 Feudal Age
12:49 Double-Bit Axe
15:36 Castle Age
16:09 Gold Mining
21:14 Imperial Age
19:34 Padded Archer Armor
Connection lost

Rejoining the realm…

Still unreachable

The connection could not be restored.

Session expired

The server has moved on; the page needs a fresh start.